AoeStats
← 海霸天

Black Forest

509821464Analyzed
3v3 RM · 6d ago on Sep 28, 2026· 46m 50s· 6 players
Game mode
Random Map
Map size
Normal (6 player)
Population
200
Speed
Normal
Resources
Standard
Victory
Conquest
Starting age
Dark Age
Ending age
Imperial Age
RankedLock teamsTeams togetherTeam positionsShared explorationLock speedFull tech treeHidden civsTurbo modeCheats
Victory
Defeat
🇦🇺 Vietnamese · Australia
666
+12
🇹🇷 Persians · Türkiye
656
+13
🇺🇸 Byzantines · United States
643
+13
🇹🇼 Lithuanians · Taiwan
600
-13
🇦🇺 Dravidians · Australia
592
-13
🇺🇸 Slavs · United States
563
-12
Wortortle
6:42 Loom
13:42 Feudal Age
18:03 Castle Age
15:51 Horse Collar
16:32 Double-Bit Axe
17:51 Man-at-Arms
18:34 Scale Mail Armor
21:32 Wheelbarrow
21:00 Heavy Plow
21:12 Bow Saw
24:12 Hand Cart
25:58 Pikeman
28:03 Caravan
30:48 Squires
30:14 Long Swordsman
34:24 Imperial Age
32:06 Detinets
32:41 Forging
34:42 Chain Mail Armor
34:32 Gold Mining
35:50 Conscription
37:28 Two-Man Saw
37:01 Crop Rotation
37:19 Onager
38:26 Ballistics
38:41 Plate Mail Armor
39:44 Halberdier
41:14 Iron Casting
41:10 Capped Ram
44:05 Gold Shaft Mining
43:36 Siege Engineers
43:42 Masonry
44:38 Blast Furnace
Rango
1:05 Loom
15:13 Feudal Age
15:39 Man-at-Arms
30:26 Castle Age
29:53 Wheelbarrow
29:55 Double-Bit Axe
31:15 Town Watch
32:05 Stone Mining
32:06 Gold Mining
33:30 Bow Saw
35:46 Hand Cart
36:51 Hand Cart
39:50 Imperial Age
37:07 Long Swordsman
37:32 Gambesons
37:48 Squires
38:42 Crossbowman
45:06 Medical Corps
海霸天
1:09 Loom
14:42 Feudal Age
15:30 Double-Bit Axe
16:09 Horse Collar
21:48 Castle Age
21:08 Wheelbarrow
21:30 Gold Mining
23:43 Heavy Plow
24:21 Bow Saw
30:05 Imperial Age
27:51 Hand Cart
30:10 Fletching
30:20 Padded Archer Armor
30:44 Ballistics
32:13 Two-Man Saw
31:06 Stone Mining
32:39 Chemistry
32:14 Husbandry
31:34 Cavalier
32:27 Bloodlines
35:02 Cavalier
37:14 Fortified Wall
37:45 Crop Rotation
37:58 Thumb Ring
37:15 Elite Skirmisher
38:43 Scale Barding Armor
38:48 Forging
38:34 Bodkin Arrow
38:39 Padded Archer Armor
39:45 Chain Barding Armor
40:15 Crossbowman
43:46 Squires
43:06 Pikeman
Cpt. Awesome
0:37 Loom
14:17 Feudal Age
16:20 Wheelbarrow
15:33 Double-Bit Axe
15:30 Horse Collar
15:44 Stone Mining
16:48 Gold Mining
21:50 Scale Mail Armor
21:43 Fletching
25:59 Man-at-Arms
28:56 Castle Age
26:59 Scale Mail Armor
27:09 Forging
27:00 Padded Archer Armor
27:17 Arson
27:52 Scale Barding Armor
27:56 Man-at-Arms
29:38 Husbandry
29:43 Squires
29:04 Pikeman
29:32 Gambesons
30:04 Chain Mail Armor
30:26 Iron Casting
30:11 Bow Saw
30:05 Heavy Plow
31:25 Stone Shaft Mining
31:53 Leather Archer Armor
33:27 Gold Shaft Mining
33:57 Bodkin Arrow
34:36 Fortified Wall
35:00 Fervor
35:55 Ballistics
35:16 Treadmill Crane
35:32 Murder Holes
37:26 Sanctity
36:38 Elite Skirmisher
37:30 Caravan
38:24 Hand Cart
40:03 Chain Barding Armor
48:10 Imperial Age
46:25 Thumb Ring
45:41 Crossbowman
46:19 Guard Tower
46:24 Long Swordsman
Legolas
1:37 Loom
13:27 Feudal Age
22:04 Castle Age
20:55 Double-Bit Axe
20:52 Horse Collar
21:06 Stone Mining
21:13 Gold Mining
22:29 Forging
22:25 Scale Barding Armor
25:58 Gold Shaft Mining
28:19 Wheelbarrow
28:49 Heavy Plow
32:33 Hand Cart
33:26 Town Watch
34:00 Caravan
34:31 Coinage
38:27 Imperial Age
36:49 Stone Shaft Mining
36:34 Bow Saw
36:40 Town Patrol
38:24 Ballistics
38:55 Coinage
39:17 Conscription
38:19 Elite War Elephant
39:57 Kamandaran
40:52 Thumb Ring
40:08 Crossbowman
42:25 Chemistry
42:43 Banking
42:23 Guilds
43:39 Iron Casting
43:04 Padded Archer Armor
44:06 Crop Rotation
44:51 Leather Archer Armor
44:26 Fletching
47:01 Blast Furnace
46:22 Chain Barding Armor
46:33 Ring Archer Armor
45:58 Bodkin Arrow
fat sandwiches
1:08 Loom
11:49 Feudal Age
13:10 Arson
13:57 Man-at-Arms
23:35 Castle Age
22:04 Horse Collar
22:12 Double-Bit Axe
22:25 Gold Mining
23:22 Stone Mining
25:29 Heavy Plow
26:13 Town Watch
27:04 Wheelbarrow
31:52 Imperial Age
30:00 Fletching
30:40 Squires
32:08 Stone Shaft Mining
32:07 Bow Saw
32:12 Pikeman
32:13 Long Swordsman
33:58 Chemistry
34:33 Bodkin Arrow
35:41 Crop Rotation
37:05 Two-Man Saw
37:08 Murder Holes
37:41 Ballistics
37:30 Padded Archer Armor
37:41 Forging
37:35 Scale Mail Armor
38:15 Bracer
39:31 Elite Rattan Archer
40:24 Husbandry
41:43 Hand Cart
42:26 Halberdier
43:51 Fortified Wall
43:22 Treadmill Crane
44:00 Leather Archer Armor
43:51 Scale Barding Armor
44:34 Bloodlines
Connection lost

Rejoining the realm…

Still unreachable

The connection could not be restored.

Session expired

The server has moved on; the page needs a fresh start.